Map: Abyssal Reef LE

Players

darkterror - Winner!

  • Race: Zerg Zerg
  • League: Gold
  • Spawn Location: 11:00

MattUser

  • Race: Zerg Zerg
  • League: Gold
  • Spawn Location: 5:00

VOD

Have the link to the VOD?

Description

Time

  • Played on: Jan. 13, 2018, 12:48 a.m.
  • Length: 12:09
Show
View Real Time Build Order
Export as new Build Order

darkterror Zerg - Winner!

Build Orders: Hatch First 

Get SALT Encoding   

  12  0:01  Drone  
  13  0:13  Overlord  
  13  0:22  Drone  
  14  0:31  Drone x2  
  16  0:37  Drone  
  17  0:58  Hatchery  
  16  1:06  Drone  
  16  1:07  Drone  
  18  1:22  Spawning Pool  
  18  1:24  Extractor  
  18  1:25  Drone x2  
  18  1:29  Drone  
  19  1:42  Overlord  
  19  2:09  Zergling x4  
  19  2:11  Zergling x2  
  18  2:41  Zergling x10  
  23  2:57  Queen  
  25  2:59  Queen  
  27  3:10  Drone x5  
  32  3:16  Metabolic Boost  
  30  3:46  Roach Warren  
  29  3:49  Evolution Chamber  
  29  3:50  Drone x4  
  29  3:51  Drone x2  
  29  4:26  Zerg Missile Weapons Level 1  
  29  4:31  Drone x5, Extractor  
  31  4:33  Overlord  
  31  4:34  Overlord x2  
  33  4:48  Hatchery  
  32  4:57  Roach x4  
  40  5:00  Zergling x2  
  41  5:18  Drone  
  41  5:19  Drone  
  43  5:22  Drone x3  
  46  5:44  Roach x6  
  58  5:53  Overlord x3  
  58  6:06  Roach  
  58  6:07  Roach x2  
  64  6:11  Overlord x2  
  64  6:19  Drone x4  
  68  6:35  Roach x6  
  80  6:46  Drone x2  
  83  6:47  Drone  
  83  7:03  Queen  
  61  7:25  Roach  
  61  7:26  Roach x7  
  73  7:32  Roach  
  73  7:33  Zergling x2  
  73  7:34  Zergling x4  
  78  7:42  Extractor  
  77  7:46  Drone  
  77  7:47  Drone x2  
  77  7:48  Extractor, Drone  
  77  7:49  Drone x2  
  82  8:12  Drone  
  83  8:13  Drone x6  
  89  8:21  Lair  
  89  8:31  Roach x4  
  97  8:50  Overlord x4  
  97  8:51  Overlord  
  97  9:20  Roach  
  97  9:21  Roach x12  
  123  9:24  Ravager  
  123  9:25  Ravager x5  
  129  9:41  Hatchery  
  75  10:23  Roach  
  75  10:24  Roach x14  
  91  10:39  Roach  
  91  10:40  Roach x3  
  93  11:01  Roach x7  
  99  11:33  Roach  
  99  11:34  Roach x13  
  127  11:41  Overlord  
Show
View Real Time Build Order
Export as new Build Order

MattUser Zerg 

Build Orders: Pool First 

Get SALT Encoding   

  12  0:01  Drone  
  13  0:24  Spawning Pool  
  12  0:31  Overlord  
  12  0:40  Overlord  
  12  0:44  Drone  
  14  1:11  Zergling x6  
  14  1:13  Queen  
  18  1:19  Extractor  
  18  1:23  Zergling x2  
  18  1:36  Roach Warren  
  18  1:39  Drone  
  18  1:50  Drone  
  19  2:00  Drone  
  20  2:22  Zergling x6  
  19  2:34  Drone x3  
  22  2:59  Hatchery  
  23  3:05  Roach  
  23  3:06  Roach  
  23  3:10  Drone  
  26  3:16  Drone x3, Extractor  
  28  3:24  Overlord  
  29  3:41  Roach  
  31  3:55  Roach  
  31  3:56  Hatchery  
  30  4:08  Hatchery  
  30  4:18  Roach  
  30  4:19  Roach x2  
  36  4:34  Lair  
  36  4:37  Drone  
  37  4:41  Drone  
  38  4:49  Metabolic Boost  
  38  4:57  Evolution Chamber  
  37  5:02  Evolution Chamber  
  36  5:11  Overlord  
  36  5:15  Drone  
  36  5:19  Drone  
  38  5:28  Drone  
  39  5:35  Zerg Ground Armor Level 1  
  39  5:41  Zerg Missile Weapons Level 1  
  39  5:44  Drone  
  39  5:48  Drone  
  41  6:01  Roach  
  41  6:02  Roach x2  
  47  6:15  Hydralisk Den  
  47  6:25  Zergling x4  
  47  6:26  Zergling x6  
  47  6:29  Drone  
  52  6:39  Overlord x2  
  52  6:46  Extractor  
  51  6:47  Drone  
  51  6:49  Extractor  
  51  6:50  Drone  
  52  7:04  Drone  
  52  7:05  Drone x3  
  52  7:07  Drone x2  
  55  7:19  Hydralisk x2  
  57  7:34  Drone  
  57  7:35  Drone x2  
  57  7:36  Hydralisk x2  
  64  7:53  Muscular Augments  
  64  7:54  Zerg Ground Armor Level 2  
  64  8:03  Drone x2  
  64  8:05  Overlord  
  66  8:14  Ravager x2  
  68  8:28  Hydralisk x3  
  68  8:33  Overlord x2  
  74  8:38  Queen  
  76  8:50  Spire  
  76  8:53  Drone  
  76  8:56  Overlord x2  
  76  8:58  Overseer  
  76  9:02  Overseer  
  76  9:16  Drone x2  
  78  9:29  Spine Crawler  
  77  9:31  Hydralisk x3  
  77  9:32  Spine Crawler  
  77  9:33  Zergling x2  
  77  9:36  Zergling x2  
  84  9:38  Zergling x2  
  84  9:40  Zergling x2  
  86  9:47  Zerg Missile Weapons Level 2  
  71  10:11  Zerg Melee Weapons Level 1  
  62  10:14  Hydralisk x2  
  62  10:15  Hydralisk  
  58  10:25  Hydralisk x3  
  50  10:38  Hydralisk  
  52  10:45  Hydralisk x2  
  52  10:47  Hydralisk  
  58  11:09  Hatchery  
  57  11:18  Spine Crawler  
  54  11:23  Hydralisk x3  
  54  11:24  Hydralisk  
  53  11:25  Hydralisk x2  
  53  11:26  Hydralisk  
  50  11:34  Hydralisk  
  50  11:35  Hydralisk  
  54  11:40  Zergling x4  
Tags
 
Add a new tag
Caveats
  • Supply blocks, unpowered buildings, or Contaminate may cause inaccurate times.
  • Supply counts are checked every 10 seconds.